 Dungeon Crawl Stone Soup version 0.30-a0-457-g4b7bca3bfa (webtiles) character file.

Game seed: 8134887289477607172

12301 pokeman the Eclecticist (level 11, -19/61 HPs)
             Began as a Deep Elf Hedge Wizard on Dec 12, 2022.
             Was an Elder of Vehumet.
             Demolished by a white ugly thing (21 damage)
             ... on level 11 of the Dungeon.
             The game lasted 00:29:56 (13003 turns).

pokeman the Eclecticist (Deep Elf Hedge Wizard)    Turns: 13003, Time: 00:29:58

Health: -19/61     AC:  6    Str:  7    XL:     11   Next: 60%
Magic:  21/33      EV: 13    Int: 30    God:    Vehumet [****..]
Gold:   730        SH:  5    Dex: 14    Spells: 26/42 levels left

rFire   + . .      SeeInvis .    I - staff of conjuration
rCold   . . .      Faith    .    (no shield)
rNeg    . . .      Spirit   .    K - +1 robe {rF+}
rPois   .          Reflect  +    M - +1 hat
rElec   .          Harm     .    x - +0 cloak {Will+}
rCorr   .          Rampage  .    (no gloves)
Will    ++...                    q - +0 pair of boots
Stlth   ++........               p - amulet of reflection
HPRegen 0.30/turn                v - +6 ring of intelligence
MPRegen 0.23/turn                u - ring of wizardry

@: no status effects
A: no striking features
a: Renounce Religion


You were on level 11 of the Dungeon.
You worshipped Vehumet.
Vehumet was greatly pleased with you.
You visited 2 branches of the dungeon, and saw 12 of its levels.

You collected 816 gold pieces.
You spent 86 gold pieces at shops.

Inventory:

Hand Weapons
 c - a +1 whip of electrocution
 w - a +2 quarterstaff of chaos
 T - the +8 sling of Louw {vorpal, Int+4 Dex+4 Stlth+}
   (You found it on level 11 of the Dungeon)

   Any ammunition fired from it inflicts extra damage upon your enemies.
   Int:       It affects your intelligence (+4).
   Dex:       It affects your dexterity (+4).
   Stlth:     It makes you more stealthy.
Missiles
 f - 2 curare-tipped darts
 i - 5 throwing nets
Armour
 q - a +0 pair of boots (worn)
 x - a +0 cloak of willpower (worn)
 G - a +1 ring mail of cold resistance
 H - a +0 buckler
 K - a +1 robe of fire resistance (worn)
 M - a +1 hat (worn)
 Q - a +0 troll leather armour
 R - the +1 ring mail of Atheism {+Inv rElec rPois Stlth-}
   (You found it on level 10 of the Dungeon)

   rElec:     It insulates you from electricity.
   rPois:     It protects you from poison.
   +Inv:      It lets you turn invisible.
   Stlth:     It makes you less stealthy.
Magical Staves
 I - a staff of conjuration (weapon)
Jewellery
 g - a ring of protection from cold
 p - an amulet of reflection (around neck)
 u - a ring of wizardry (right hand)
 v - a +6 ring of intelligence (left hand)
 F - a +6 ring of dexterity
Wands
 D - a wand of paralysis (17)
 O - a wand of flame (4)
 P - a wand of polymorph (4)
Scrolls
 h - 7 scrolls of teleportation
 j - a scroll of brand weapon
 k - 3 scrolls of blinking
 m - 2 scrolls of torment
 o - 4 scrolls of vulnerability
 s - 4 scrolls of enchant armour
 y - a scroll of fear
 z - 2 scrolls of poison
 B - 2 scrolls of enchant weapon
 E - a scroll of amnesia
 N - 3 scrolls of magic mapping
Potions
 a - 2 potions of invisibility
 b - 2 potions of attraction
 d - 3 potions of magic
 e - 4 potions of haste
 l - 6 potions of curing
 n - 4 potions of berserk rage
 r - 2 potions of mutation
 t - a potion of cancellation {unknown}
 A - 2 potions of flight {unknown}
 C - 3 potions of resistance {unknown}
 J - a potion of might {unknown}
 L - a potion of heal wounds {unknown}
 S - 2 potions of lignification {unknown}


   Skills:
 - Level 4.0 Fighting
 - Level 4.1 Armour
 - Level 3.0 Dodging
 - Level 3.1 Stealth
 + Level 3.7 Shields
 * Level 16.4 Spellcasting
 + Level 9.8 Conjurations
 + Level 5.6 Summonings
 - Level 1.1 Translocations
 - Level 1.0 Ice Magic
 - Level 2.3 Air Magic
 - Level 1.0 Poison Magic
 - Level 1.0 Evocations


You had 26 spell levels left.
You knew the following spells:

 Your Spells              Type           Power      Damage    Failure   Level
a - Magic Dart            Conj           100%       1d8       1%          1
b - Mephitic Cloud        Conj/Pois/Air  66%        N/A       1%          3
c - Call Imp              Summ           55%        N/A       1%          2
d - Blink                 Tloc           62%        N/A       1%          2
e - Hailstorm             Conj/Ice       72%        3d15      1%          3
f - Freezing Cloud        Conj/Ice/Air   33%        6-21      1%          5

Your spell library contained the following spells:

 Spells                   Type           Power      Damage    Failure   Level
 Lightning Bolt           Conj/Air       37%        1d56      1%          5
 Apportation              Tloc           62%        N/A       1%          1
 Freeze                   Ice            100%       1d10      1%          1
 Kiss of Death            Conj/Necr      100%       2d13      1%          1
 Slow                     Hex            96%        N/A       1%          1
 Summon Small Mammal      Summ           100%       N/A       1%          1
 Cigotuvi's Dreadful Rot  Necr/Pois/Air  62%        N/A       1%          2
 Frozen Ramparts          Ice            60%        1d10      1%          3
 Portal Projectile        Hex/Tloc       54%        N/A       1%          3
 Confusing Touch          Hex            24%        N/A       2%          3
 Tukima's Dance           Hex            24%        N/A       2%          3
 Yara's Violent Unravell  Hex/Tmut       12%        3d7       6%          5
 Dispel Undead            Necr           24%        3d12      8%          4
 Blade Hands              Tmut           12%        N/A       21%         5
 Simulacrum               Ice/Necr       13%        N/A       63%         6
 Enfeeble                 Hex            12%        N/A       99%         7
 Polar Vortex             Ice            15%        N/A       100%        9


Dungeon Overview and Level Annotations

Branches:
Dungeon (11/15)            Temple (1/1) D:4            Lair (0/5) D:10
    Orc (0/2) D:10

Altars:
Ashenzari
Cheibriados
Dithmenos
Elyvilon
Fedhas
Gozag
Kikubaaqudgha
Makhleb
Nemelex Xobeh
Okawaru
Qazlal
Ru
Sif Muna
Trog
Uskayaw
Vehumet
Wu Jian
Xom
Yredelemnul
Zin
The Shining One
Jiyva

Shops:
D:5 *   D:6 !   D:10 [


Message History

Casting: Freezing Cloud (dangerous; 1% risk of failure)
Confirm with . or Enter, or press ? or * to list all spells.
Aiming: Freezing Cloud (dangerous; 1% risk of failure)
Press: ? - help, Dir - move target You feel a surge of power!
That beam is likely to hit you.
Continue anyway?
The white ugly thing is engulfed in freezing vapours.
The white ugly thing is engulfed in freezing vapours.
The white ugly thing is engulfed in freezing vapours.
The white ugly thing is engulfed in freezing vapours.
Casting: Freezing Cloud (dangerous; 1% risk of failure)
Confirm with . or Enter, or press ? or * to list all spells.
Aiming: Freezing Cloud (dangerous; 1% risk of failure)
Press: ? - help, Dir - move target You feel a surge of power!
That beam is likely to hit you.
Continue anyway?
The white ugly thing is engulfed in freezing vapours.
The white ugly thing is engulfed in freezing vapours. x2
The white ugly thing is engulfed in freezing vapours.
The white ugly thing is engulfed in freezing vapours.
The white ugly thing headbutts you. The white ugly thing freezes you!!
Unknown command.
You hit the white ugly thing but do no damage.
The white ugly thing is severely wounded.
The white ugly thing is engulfed in freezing vapours.
The white ugly thing barely misses you.
Unknown command.
You hit the white ugly thing.
The white ugly thing is almost dead.
The white ugly thing is engulfed in freezing vapours.
The white ugly thing headbutts you! The white ugly thing freezes you!
* * * LOW HITPOINT WARNING * * *
Unknown command.
You hit the white ugly thing.
The white ugly thing is almost dead.
The white ugly thing is engulfed in freezing vapours.
The white ugly thing headbutts you.
* * * LOW HITPOINT WARNING * * *
The white ugly thing freezes you!!
You die...

........##..# #..
#....... ........##..#
#..##.......
........##§§#
#..........#
........##.§#
#.>........#
........##§§#
#..........#
........##§§#
#..........#
..###....§§§#
#..........# #.....u.#
#...........
#.....@.####...........
#....................).
#....................##
#....................##
#......#####.........##
#......# #.........##
#.....)# #.........##
#......# #......#..##
#......# #......#....


You could see a white ugly thing.

Vanquished Creatures
  Gastronok (D:8)
  3 two-headed ogres
  Pikel (D:4)
  An elephant (D:10)
  A gargoyle (D:11)
  A kobold demonologist (D:10)
  3 trolls (D:10)
  Prince Ribbit (D:8)
  12 yaks
  A basilisk (D:10)
  A wraith (D:10)
  A steam dragon (D:8)
  Menkaure (D:7)
  2 water moccasins
  7 orc warriors
  3 ice beasts
  2 sky beasts
  A black bear (D:10)
  2 ogres (D:5)
  5 centaurs
  A lemure (D:4)
  2 phantoms
  4 bullfrogs
  3 gnoll sergeants
  3 necrophages
  2 scorpions (D:5)
  7 wights
  5 killer bees
  3 howler monkeys
  3 vampire bats (D:7)
  6 orc priests
  6 hounds
  3 jellies
  Crazy Yiuf (D:3)
  A gnoll bouda (D:6)
  2 iguanas (D:5)
  11 orc wizards
  16 gnolls
  10 adders
  A white imp (D:8)
  An ufetubus (D:7)
  4 worms
  2 dart slugs
  27 orcs
  3 bats
  3 bat skeletons (D:7)
  3 bat zombies (D:7)
  6 endoplasms
  3 giant cockroaches
  6 goblins
  7 hobgoblins
  2 jackals (D:1)
  9 kobolds
  2 quokkas
  11 ball pythons
  3 frilled lizards
  5 rats
237 creatures vanquished.

Vanquished Creatures (collateral kills)
  A lemure (D:3)
  A wight (D:7)
  2 jellies (D:8)
  3 gnolls
  An endoplasm (D:2)
  A rat (D:2)
9 creatures vanquished.

Vanquished Creatures (others)
  A plant (D:10)
1 creature vanquished.

Grand Total: 247 creatures vanquished

Notes
Turn   | Place    | Note
-------+----------+-------------------------------------------
     0 | D:1      | pokeman the Deep Elf Hedge Wizard began the quest for the
                  | Orb.
     0 | D:1      | Reached XP level 1. HP: 10/10 MP: 7/7
   331 | D:1      | Reached XP level 2. HP: 16/16 MP: 7/9
   989 | D:1      | Reached skill level 5 in Spellcasting
  1422 | D:2      | Reached XP level 3. HP: 20/20 MP: 5/11
  1426 | D:2      | Learned a level 3 spell: Mephitic Cloud
  1429 | D:2      | Learned a level 2 spell: Call Imp
  1432 | D:2      | Learned a level 2 spell: Blink
  1438 | D:2      | Learned a level 3 spell: Hailstorm
  1659 | D:2      | Reached skill level 1 in Fighting
  1876 | D:2      | Found a faded altar of an unknown god.
  1880 | D:2      | Reached skill level 1 in Armour
  2577 | D:3      | Found a stormy altar of Qazlal.
  2587 | D:3      | Reached XP level 4. HP: 25/25 MP: 7/13
  2985 | D:3      | Found a runed translucent door.
  2986 | D:3      | Noticed Crazy Yiuf
  3176 | D:3      | Found a basalt altar of Yredelemnul.
  3618 | D:3      | Killed Crazy Yiuf
  3619 | D:3      | Reached skill level 6 in Spellcasting
  3619 | D:3      | Reached XP level 5. HP: 24/29 MP: 2/15
  3758 | D:4      | Noticed Pikel
  3758 | D:4      | Noticed a lemure
  3758 | D:4      | Noticed a lemure
  3758 | D:4      | Noticed a lemure
  3758 | D:4      | Noticed a lemure
  3765 | D:4      | Killed a lemure
  3810 | D:3      | Killed a lemure
  4011 | D:4      | Reached skill level 1 in Poison Magic
  4264 | D:4      | Found a staircase to the Ecumenical Temple.
  4269 | Temple   | Entered the Ecumenical Temple
  4345 | Temple   | Became a worshipper of Vehumet
  4563 | D:4      | Found a burning altar of Makhleb.
  4563 | D:4      | Found an iron altar of Okawaru.
  4685 | D:4      | Reached skill level 1 in Ice Magic
  4767 | D:4      | Reached XP level 6. HP: 27/34 MP: 6/17
  4878 | D:4      | Killed Pikel
  4879 | D:4      | Reached skill level 8 in Spellcasting
  4879 | D:4      | Reached XP level 7. HP: 40/40 MP: 5/20
  5148 | D:4      | Learned a level 5 spell: Freezing Cloud
  5283 | D:5      | Entered Level 5 of the Dungeon
  5426 | D:5      | Reached skill level 1 in Evocations
  5579 | D:5      | Reached XP level 8. HP: 44/44 MP: 18/22
  5622 | D:5      | Reached skill level 9 in Spellcasting
  5838 | D:5      | Found Keew's General Store.
  5844 | D:5      | Bought a potion of curing for 45 gold pieces
  5844 | D:5      | Bought a scroll of identify for 30 gold pieces
  5880 | D:5      | Reached skill level 5 in Conjurations
  6193 | D:5      | Reached skill level 10 in Spellcasting
  6272 | D:5      | Found an ornate altar of the Wu Jian Council.
  6376 | D:5      | Found a sparkling altar of Nemelex Xobeh.
  6497 | D:5      | Found a hide-covered altar of Uskayaw.
  6970 | D:6      | Found a glowing silver altar of Zin.
  7604 | D:6      | Reached * piety under Vehumet
  7604 | D:6      | Offered knowledge of Kiss of Death by Vehumet.
  7693 | D:6      | Found Meug's Distillery.
  7699 | D:6      | Bought a potion of degeneration for 11 gold pieces
  7894 | D:6      | Reached skill level 11 in Spellcasting
  7963 | D:7      | Reached XP level 9. HP: 40/48 MP: 15/26
  8569 | D:7      | Reached skill level 12 in Spellcasting
  8907 | D:7      | Noticed Menkaure
  8914 | D:7      | Killed Menkaure
  9052 | D:7      | Found an ancient bone altar of Kikubaaqudgha.
  9055 | D:7      | Offered knowledge of Poisonous Vapours by Vehumet.
  9060 | D:7      | Reached ** piety under Vehumet
  9278 | D:8      | Noticed Gastronok
  9292 | D:8      | Killed Gastronok
  9293 | D:8      | Reached skill level 13 in Spellcasting
  9293 | D:8      | Reached XP level 10. HP: 56/56 MP: 1/29
  9524 | D:8      | Got Wizardry, Part One
  9539 | D:8      | Noticed a two-headed ogre
  9546 | D:8      | Killed a two-headed ogre
  9547 | D:8      | Reached skill level 14 in Spellcasting
  9743 | D:8      | Noticed a two-headed ogre
  9756 | D:8      | Killed a two-headed ogre
  9757 | D:8      | Reached skill level 1 in Shields
  9941 | D:8      | Found a viscous altar of Jiyva.
 10213 | D:8      | Noticed Prince Ribbit
 10226 | D:8      | Killed Prince Ribbit
 10456 | D:9      | Found a shimmering blue altar of Sif Muna.
 10849 | D:9      | Offered knowledge of Ignite Poison by Vehumet.
 11066 | D:9      | Found a snail-covered altar of Cheibriados.
 11241 | D:10     | Entered Level 10 of the Dungeon
 11245 | D:10     | Reached skill level 15 in Spellcasting
 11254 | D:9      | Reached *** piety under Vehumet
 11290 | D:10     | Noticed an orange demon
 11457 | D:10     | Reached XP level 11. HP: 61/61 MP: 11/32
 11495 | D:10     | Offered knowledge of Airstrike by Vehumet.
 11594 | D:10     | Found a shimmering altar of Xom.
 11614 | D:10     | Found Cohuel's Armour Shop.
 11614 | D:10     | Found a staircase to the Orcish Mines.
 11837 | D:10     | Found a shadowy altar of Dithmenos.
 12067 | D:10     | Identified the +1 ring mail of Atheism {+Inv rElec rPois
                  | Stlth-}
 12089 | D:10     | Found a glowing golden altar of the Shining One.
 12213 | D:10     | Found a staircase to the Lair.
 12593 | D:11     | Noticed a white ugly thing
 12603 | D:10     | Reached **** piety under Vehumet
 12604 | D:10     | Reached skill level 5 in Summonings
 12722 | D:11     | Reached skill level 16 in Spellcasting
 12733 | D:11     | Noticed a two-headed ogre
 12740 | D:11     | Killed a two-headed ogre
 12931 | D:11     | Offered knowledge of Lightning Bolt by Vehumet.
 12957 | D:11     | Identified the +8 sling of Louw {vorpal, Int+4 Dex+4
                  | Stlth+}
 13003 | D:11     | HP: 2/61 [white ugly thing (6)]
 13003 | D:11     | Demolished by a white ugly thing

Illustrated notes

Levels and vault maps discovered:
D:1:      lightli_arrival_quake, layout_basic, nicolae_eternal_life,
          chequers_jeans, hex_intersection
D:2:      layout_loops_cross, hellmonk_ecumenical_altar_pennies_from_heaven
D:3:      layout_loops_ring, mainiacjoe_overflow_brackets, lemuel_round_altar,
          minmay_goblin_kobold_house, uniq_crazy_yiuf_cottage
D:4:      layout_cave_pods, nicolae_overflow_two_pavilions,
          minmay_temple_entry_nine_rooms, uniq_pikel
D:5:      layout_cave_pods, lemuel_coloured_pillars_altar,
          mainiacjoe_overflow_alcove_1, mainiacjoe_overflow_cross_hatched,
          serial_shops, shop, kennysheep_generic_room_5
D:6:      layout_loops_corners, kennysheep_mini_moat, serial_shops,
          nicolae_shop_temple_entry_statues_fountains
D:7:      layout_loops_ring, kennysheep_vampire_church, uniq_menkaure
D:8:      layout_basic, eino_curves_01, jiyva_altar_1, uniq_gastronok,
          uniq_prince_ribbit1
D:9:      layout_loops_ring, kennysheep_slug_shrine, mainiacjoe_overflow_paths
D:10:     layout_long_grid, lemuel_round_altar, nicolae_dithmenos_shadow_blocks,
          overflow_temple_1_default, david_lair_generic, orc_david_3,
          minmay_misc_feat_tower, ebering_dispersal_statue_hall, st_stairs_14,
          serial_bayou_pond_d
D:11:     layout_long_grid
Temple:   nicolae_temple_superstar

Skill      XL: |  1  2  3  4  5  6  7  8  9 10 11 |
---------------+----------------------------------+-----
Spellcasting   | 5 6 8 11 13 15 16 | 16.4
Fighting       | 1 2 3 4 |  4.0
Conjurations   | 2 3 4 6 7 9 |  9.8
Armour         | 1 3 4 |  4.1
Dodging        | 3 |  3.0
Stealth        | 3 |  3.1
Poison Magic   | 1 |  1.0
Ice Magic      | 1 |  1.0
Air Magic      | 2 |  2.3
Evocations     | 1 |  1.0
Summonings     | 4 5 |  5.6
Shields        | 2 3 |  3.7
Translocations | |  1.1

Action                   |  1- 3 |  4- 6 |  7- 9 | 10-12 || total
-------------------------+-------+-------+-------+-------++-------
Melee: Dagger            |    12 |     3 |       |       ||    15
       Whip              |       |    12 |    40 |       ||    52
       Staff             |       |       |     1 |    32 ||    33
       Punch             |       |       |     1 |       ||     1
 Cast: Magic Dart        |   103 |    77 |   132 |    58 ||   370
       Mephitic Cloud    |     2 |     6 |     9 |    26 ||    43
       Call Imp          |     1 |     4 |     7 |     3 ||    15
       Hailstorm         |       |    11 |    64 |    83 ||   158
       Blink             |       |       |     3 |     6 ||     9
       Freezing Cloud    |       |       |       |     7 ||     7
Evoke: Wand              |       |       |     2 |       ||     2
  Use: Scroll            |       |       |    11 |     4 ||    15
 Stab: Sleeping          |     3 |       |       |       ||     3
       Confused          |     1 |     1 |     1 |     2 ||     5
       Paralysed         |       |       |    12 |       ||    12
Armor: Robe              |     5 |     2 |    17 |    15 ||    39
Dodge: Dodged            |    20 |    20 |    44 |    42 ||   126
Block: Other             |       |     7 |    18 |    13 ||    38
       Reflection        |       |       |     2 |     1 ||     3

Table legend: (Time is in decaauts)
 A = Elapsed time spent in this place.
 B = Non-inter-level travel time spent in this place.
 C = Inter-level travel time spent in this place.
 D = Time resting spent in this place.
 E = Time spent auto-exploring this place.
 F = Levels seen in this place.
 G = Mean time per level.
                   A        B        C        D        E       F      G
               +--------+--------+--------+--------+--------+-----+--------+
         Total |  13018 |  12625 |    393 |    727 |  10281 |  12 | 1084.8 |
       Dungeon |  12932 |  12547 |    385 |    727 |  10220 |  11 | 1175.6 |
        Temple |     85 |     77 |      8 |      0 |     61 |   1 |   85.0 |
               +--------+--------+--------+--------+--------+-----+--------+

Top non-repeatable levels by time:
     D:5: 1497 daAuts
     D:7: 1448 daAuts
     D:1: 1415 daAuts
     D:3: 1366 daAuts
     D:4: 1326 daAuts
    D:10: 1176 daAuts
     D:6: 1174 daAuts
     D:2: 1089 daAuts
     D:8: 1030 daAuts
     D:9: 947 daAuts
    D:11: 460 daAuts
  Temple: 85 daAuts
